 Dungeon Crawl Stone Soup version 0.32-a0-314-g526f7d4993 (webtiles) character file.

Game seed: 288963778647837342

79 timneilson the Ruffian (level 4, -3/29 HPs)
             Began as an Octopode Shapeshifter on Feb 15, 2024.
             Slain by a gnoll
             ... wielding a +0 spear
              (10 damage)
             ... on level 2 of the Dungeon.
             The game lasted 00:01:38 (859 turns).

timneilson the Ruffian (Octopode Shapeshifter)       Turns: 859, Time: 00:01:39

Health: -3/29      AC:  1    Str: 15    XL:     4   Next: 37%
Magic:  4/4        EV: 13    Int: 12    God:
Gold:   31         SH:  0    Dex: 11    Spells: 3/3 levels left

rFire   . .          .
                       - Unarmed
rCold   . . .        (no shield)
rNeg    . . .        (helmet currently unavailable)
rPois   .            (no amulet)
rElec   .            (no ring)
rCorr   .            (no ring)
SInv    .            (no ring)
Will    .....        (no ring)
Stlth   +++          (no ring)
HPRegen 0.24/turn    (no ring)
MPRegen 0.09/turn    (no ring)
                     (no ring)

%: no passive effects
@: beast-form
A: beast (slay +1), almost no armour, amphibious, 8 rings, camouflage 1,
gelatinous body 1, (nimble swimmer 1), tentacles
a: Begin Untransformation


You were on level 2 of the Dungeon.
You were a hulking beast.
You visited 1 branch of the dungeon, and saw 2 of its levels.

You collected 31 gold pieces.

Inventory:

Talismans
 b - a beast talisman (active)
 c - a flux talisman
Scrolls
 g - a scroll of identify {unknown}
 h - a scroll of teleportation
 j - a scroll of enchant armour {unknown}
 k - a scroll of silence {unknown}
Potions
 a - a potion of lignification
 d - a potion of magic {unknown}
 e - a potion of ambrosia {unknown}
 f - a potion of curing {unknown}
 i - 2 potions of enlightenment {unknown}


   Skills:
 * Level 2.0 Fighting
 * Level 2.7 Dodging
 + Level 1.6 Stealth
 * Level 3.4 Unarmed Combat
 * Level 3.4 Shapeshifting


You had 3 spell levels left.
You didn't know any spells.
Your spell library contained the following spells:

 Spells                   Type           Power      Damage    Failure   Level
 Ensorcelled Hibernation  Hex/Ice        0%         N/A       45%         2
 Passwall                 Erth           0%         N/A       69%         3
 Swiftness                Air            0%         N/A       69%         3


Dungeon Overview and Level Annotations

Branches:
Dungeon (2/15)

Altars:

Shops:
D:1 (


Innate Abilities, Weirdness & Mutations

You are a hulking beast.
Your limbs bulge with bestial killing power. (Slay +1)
You cannot wear most types of armour.
You are amphibious.
You can wear up to eight rings at the same time.
Your skin changes colour to match your surroundings (Stealth+).
Your rubbery body absorbs attacks. (AC +1, EV +1)
((You are camouflaged when in or above water. (Stealth+)))
You have tentacles for arms and can constrict up to eight enemies at once.


Message History

No target in view!
No target in view!
No target in view!
No target in view!
No target in view!
No target in view!
There is a stone staircase leading up here.
i - 2 coppery potions (gained 1)
Found a mace.
A gnoll comes into view. It is wielding a +0 flail.
A gnoll comes into view. It is wielding a +0 whip.
Found a plate armour.
The gnoll shouts!
You hear a shout! x2
You closely miss the gnoll. Your grab misses the gnoll. You bludgeon the gnoll!
Your grab misses the gnoll.
The gnoll is severely wounded.
The gnoll hits you with a +0 whip.
You closely miss the gnoll. You grab the gnoll.
The gnoll is severely wounded.
You constrict the gnoll. The gnoll hits you with a +0 whip!
You tentacle-slap the gnoll but do no damage.
You squeeze the gnoll.
You kill the gnoll!
A gnoll comes into view. It is wielding a +0 spear.
Your Fighting skill increases to level 2!
You tentacle-slap the gnoll. You grab the gnoll. You squeeze the gnoll.
The gnoll is moderately wounded.
You constrict the gnoll. The gnoll barely misses you.
You release your grip on the gnoll.
The gnoll hits you with a +0 spear. The gnoll attacks as it pursues you!
The gnoll hits you with a +0 flail.
You barely miss the gnoll. Your grab misses the gnoll. You squeeze the gnoll.
The gnoll is moderately wounded.
The gnoll hits you with a +0 spear.
* * * LOW HITPOINT WARNING * * *
The gnoll barely misses you.
You tentacle-slap the gnoll. Your grab misses the gnoll.
Your squeeze misses the gnoll.
The gnoll is severely wounded.
The gnoll hits you with a +0 spear!
You die...

#### # # .###
######## [##.
#.. ##.......
##..
....#...#####
#.g#
...........#
#h# #
#.##...#.>..
#g#.#
#.####<..#.#
#)#.#
#.##....##.#
#...#
#.##.#####.#
#.#####.##.#
#.#
#..........#
#.#
#.#####.####
#.# ...#
#.########.#
#####
#.........)#


You could see 2 gnolls.

Vanquished Creatures
  Jessica (D:2)
  A gnoll (D:2)
  A dart slug (D:2)
  4 ball pythons (D:1)
  An endoplasm (D:2)
  A giant cockroach (D:1)
  2 hobgoblins
  2 kobolds (D:1)
  2 quokkas
  2 bats (D:1)
  2 frilled lizards (D:1)
  3 goblins
  3 rats
25 creatures vanquished.

Notes
Turn   | Place    | Note
-------+----------+-------------------------------------------
     0 | D:1      | timneilson the Octopode Shapeshifter began the quest for
                  | the Orb.
     0 | D:1      | Reached XP level 1. HP: 13/13 MP: 1/1
     1 | D:1      | Noticed an electric eel
    31 | D:1      | Found Picvit's Weapon Shop.
    79 | D:1      | Reached XP level 2. HP: 17/18 MP: 2/2
   294 | D:1      | Reached skill level 1 in Stealth
   362 | D:1      | Reached XP level 3. HP: 23/23 MP: 3/3
   638 | D:2      | Noticed Jessica
   644 | D:2      | Killed Jessica
   680 | D:2      | Reached XP level 4. HP: 25/29 MP: 4/4
   859 | D:2      | Slain by a gnoll

Illustrated notes

Levels and vault maps discovered:
D:1:      arrival_aquarium_a, layout_loops_ring, serial_shops, shop_fountains
D:2:      layout_loops_ring, shapermc_ecumenical_altar_petra,
          corexii_item_surrounded_by_moat, uniq_jessica

Skill      XL: |  1  2  3  4 |
---------------+-------------+-----
Stealth        | 1 |  1.6
Fighting       | 2 |  2.0
Dodging        | |  2.7
Unarmed Combat | |  3.4
Shapeshifting  | |  3.4

Action                     |  1- 3 |  4- 6 || total
---------------------------+-------+-------++-------
  Melee: Unarmed           |    35 |    15 ||    50
         Constrict         |     7 |     5 ||    12
         Tentacles         |     5 |     6 ||    11
         Punch             |     1 |       ||     1
    Use: Scroll            |     2 |       ||     2
   Stab: Sleeping          |     8 |     2 ||    10
 Armour: Skin              |    11 |     7 ||    18
  Dodge: Dodged            |    15 |     7 ||    22

Table legend: (Time is in decaauts)
 A = Elapsed time spent in this place.
 B = Non-inter-level travel time spent in this place.
 C = Inter-level travel time spent in this place.
 D = Time resting spent in this place.
 E = Time spent auto-exploring this place.
 F = Levels seen in this place.
 G = Mean time per level.
                   A        B        C        D        E       F      G
               +--------+--------+--------+--------+--------+-----+--------+
         Total |    855 |    839 |     16 |      0 |    642 |   2 |  427.5 |
       Dungeon |    855 |    839 |     16 |      0 |    642 |   2 |  427.5 |
               +--------+--------+--------+--------+--------+-----+--------+

Top non-repeatable levels by time:
     D:1: 623 daAuts
     D:2: 232 daAuts
